 Dungeon Crawl Stone Soup version 0.26-a0-412-ga3d1f51b80 (webtiles) character file.

Game seed: 18191873834380794853

29533 KristoblXynda the Grappler (level 13, -7/107 HPs)
             Began as a Troll Hedge Wizard on July 24, 2020.
             Was an Elder of Ashenzari.
             Mangled by a cane toad (14 damage)
             ... on level 1 of the Lair of Beasts.
             The game lasted 00:44:37 (15389 turns).

KristoblXynda the Grappler (Troll Hedge Wizard)    Turns: 15389, Time: 00:44:38

Health: -7/107     AC: 13    Str: 21    XL:     13   Next: 15%
Magic:  15/15      EV: 14    Int: 20    God:    Ashenzari [****..]
Gold:   982        SH:  0    Dex:  9    Spells: 12/16 levels left

rFire    . . .     SeeInvis +     - Unarmed
rCold    . . .     Faith    .   (no shield)
rNeg     . . .     Spirit   .   v - +1 acid dragon scales (curse)
rPois    .         Reflect  .   c - +0 hat
rElec    .         Harm     .   O - scarf {repulsion} (curse)
rCorr    +         Clarity  +   (gloves unavailable)
MR       .....                  (boots unavailable)
Stlth    ++........             n - amulet of the acrobat
HPRegen  0.67/turn              k - +6 ring of intelligence (curse)
MPRegen  0.14/turn              I - ring of wizardry (curse)

@: lethally poisoned (-7 -> -19), repel missiles
A: large, unfitting armour, claws 3, regeneration 1, shaggy fur 1, tough skin 3
a: Curse Item, Scrying, Renounce Religion


You were on level 1 of the Lair of Beasts.
You worshipped Ashenzari.
Ashenzari was greatly pleased with you.
You visited 3 branches of the dungeon, and saw 16 of its levels.
You also visited: Sewer.

You collected 982 gold pieces.

Inventory:

Hand Weapons
 N - a +1 scimitar of flaming
Armour
 c - a +0 hat (worn)
 l - a +0 kite shield
 v - cursed +1 acid dragon scales (worn)
 O - a cursed scarf of repulsion (worn)
Jewellery
 f - an uncursed ring of protection from magic
 k - a cursed +6 ring of intelligence (left claw)
 n - an amulet of the acrobat (around neck)
 I - a cursed ring of wizardry (right claw)
Wands
 j - a wand of acid (3)
 s - a wand of iceblast (7)
 C - a wand of paralysis (14)
 G - a wand of digging (5)
Scrolls
 b - 3 scrolls of identify
 g - 5 scrolls of teleportation
 m - 2 scrolls of amnesia
 o - a scroll of fog
 r - 5 scrolls of blinking
 t - 2 scrolls of immolation
 u - 3 scrolls of fear
 y - 8 scrolls of remove curse
 K - 2 scrolls of acquirement
Potions
 a - 7 potions of haste
 d - 2 potions of resistance
 e - 2 potions of magic
 h - 2 potions of brilliance
 p - 4 potions of mutation
 q - 5 potions of curing
 w - 3 potions of ambrosia
 z - a potion of stabbing
 A - 4 potions of flight
 H - a potion of berserk rage
 J - 2 potions of cancellation
 L - 3 potions of heal wounds
 Q - a potion of lignification
 R - a potion of invisibility {unknown}
Miscellaneous
 E - a phantom mirror
 P - a box of beasts


   Skills:
 - Level 2.0 Fighting
 + Level 7.7 Armour
 - Level 9.8(12.0) Dodging
 - Level 3.3(5.3) Stealth
 + Level 11.3 Unarmed Combat
 - Level 2.0 Spellcasting
 + Level 9.0(11.2) Conjurations
   Level 0.6(1.7) Summonings
   Level 0.6(1.7) Translocations
 + Level 0.4(1.3) Evocations


You had 12 spell levels left.
You knew the following spells:

 Your Spells              Type           Power        Failure   Level
a - Magic Dart            Conj           ####         1%          1
b - Mephitic Cloud        Conj/Pois/Air  ###.....     4%          3

Your spell library contained the following spells:

 Spells                   Type           Power        Failure   Level
 Shock                    Conj/Air       ####         1%          1
 Searing Ray              Conj           #####.       1%          2
 Conjure Flame            Conj/Fire      ###.....     2%          3
 Dazzling Flash           Conj/Hex       ####..       2%          3
 Static Discharge         Conj/Air       ####....     2%          3
 Iskenderun's Battlesphe  Conj           #####...     2%          5
 Apportation              Tloc           #.....       4%          1
 Summon Small Mammal      Summ           #...         4%          1
 Blink                    Tloc           N/A          6%          2
 Call Imp                 Summ           #.......     6%          2
 Iskenderun's Mystic Bla  Conj/Tloc      ####....     6%          4
 Animate Skeleton         Necr           #.....       7%          1
 Corona                   Hex            #......      7%          1
 Fulminant Prism          Conj/Hex       ####......   8%          4
 Slow                     Hex            #.......     11%         2
 Swiftness                Air            #.......     11%         2
 Irradiate                Conj/Tmut      ###.......   21%         5
 Lightning Bolt           Conj/Air       ####......   21%         5
 Bolt of Magma            Conj/Fire/Erth ###.......   38%         5
 Airstrike                Air            #.........   52%         4
 Orb of Destruction       Conj           #####.....   52%         7
 Iron Shot                Conj/Erth      ###.......   71%         6
 Spellforged Servitor     Conj/Summ      ####......   98%         7
 Hydra Form               Tmut           #.........   100%        6
 Statue Form              Tmut/Erth      #........    100%        6
 Dragon Form              Tmut           #.........   100%        7


Dungeon Overview and Level Annotations

Branches:
Dungeon (14/15)            Temple (1/1) D:5            Lair (1/6) D:9
    Orc (0/2) D:10         Vaults (0/5) D:13          Sewer (visited)

Altars:
Ashenzari
Cheibriados
Dithmenos
Elyvilon
Fedhas
Gozag
Hepliaklqana
Kikubaaqudgha
Makhleb
Nemelex Xobeh
Okawaru
Qazlal
Ru
Sif Muna
Trog
Uskayaw
Vehumet
Wu Jian
Xom
Yredelemnul
Zin
The Shining One


Innate Abilities, Weirdness & Mutations

You are too large for most types of armour.
You have claws for hands.
Your natural rate of healing is unusually fast.
You are covered in fur. (AC +1)
You have extremely tough skin. (AC +3)


Message History

The cane toad is severely wounded.
The cane toad stings you!
* * * LOW HITPOINT WARNING * * *
Unknown command.
You feel much better. The cane toad stings you!
* * * LOW HITPOINT WARNING * * *
You are poisoned.
The cane toad poisons you!
Unknown command.
You closely miss the cane toad.
The cane toad is severely wounded.
You feel sick. The cane toad stings you!!
* * * LOW HITPOINT WARNING * * *
You are lethally poisoned!
The cane toad poisons you!
You scratch the cane toad.
The cane toad is severely wounded.
* * * LOW HITPOINT WARNING * * *
You feel sick. The cane toad stings you!
You die...

######.........# *
..............§## ,
..............F.#
.........F......# *
.........†.....##
..........###..#
..........##P..#
.........###.FY#######.#
, ,,
...#####.####.FF@.......
...#÷..#..# #.F##+#.#...
* ...+......###.F..,, ,,
...#...+.......P. ,, , ,
, * ...#.###.......P. ,,
, , ,
...............#..,,{,
,, * .###P###(......#..
, .# ### ##......#.,, *
.# #........# , ,


You could see a yak, a cane toad and 3 blink frogs.

Vanquished Creatures
  A rakshasa (D:14)
  A centaur warrior (D:14)
  9 two-headed ogres
  An ogre mage (D:13)
  Sonja (D:13)
  3 unseen horrors
  2 ugly things
  A deep elf mage (D:14)
  3 cyclopes
  A black mamba (Lair:1)
  3 centaur zombies
  Maggie (D:7)
  A cane toad (Lair:1)
  An efreet (D:14)
  2 trolls
  Grinder (D:5)
  3 hornets
  5 hippogriffs
  2 shadows
  2 vampires
  2 wyverns
  13 yaks
  A basilisk (D:9)
  A steam dragon (D:8)
  3 chaos spawn (D:13)
  3 vampire mosquitoes (D:12)
  An acid dragon (D:7)
  4 water moccasins
  9 orc warriors
  6 porcupines
  5 sky beasts
  A necrophage (D:7)
  6 ogres
  6 black bears
  A phantom (D:11)
  5 ice beasts
  5 centaurs
  2 wolves (D:9)
  3 crocodiles
  10 bullfrogs
  A water moccasin zombie (D:8)
  2 wyvern skeletons
  4 scorpions
  19 killer bees
  3 wights (D:13)
  4 howler monkeys
  2 quasits (D:11)
  2 bullfrog zombies
  Crazy Yiuf (D:7)
  4 jellies
  10 orc wizards
  6 orc priests
  3 hounds
  A bullfrog skeleton (D:12)
  4 centaur skeletons
  6 iguanas
  11 worker ants
  2 hound zombies
  5 worker ant zombies
  A howler monkey skeleton (D:8)
  9 adders
  2 shadow imps
  3 white imps
  2 ufetubi
  An ooze (D:2)
  6 adder skeletons
  An adder zombie (D:3)
  5 worms
  4 dart slugs
  5 leopard geckos
  64 orcs
  A ball python (D:4)
  3 giant cockroaches
  6 goblins
  8 hobgoblins
  10 jackals
  15 kobolds
  7 quokkas
  3 bats
  4 frilled lizards
  A giant cockroach zombie (D:5)
  A jackal zombie (D:8)
  5 leopard gecko skeletons
  2 leopard gecko zombies
  A quokka zombie (D:6)
  7 rats
398 creatures vanquished.

Vanquished Creatures (collateral kills)
  A hydra (D:14)
1 creature vanquished.

Vanquished Creatures (others)
  A bush (D:9)
  5 fungi
  7 plants (D:9)
13 creatures vanquished.

Grand Total: 412 creatures vanquished

Notes
Turn   | Place    | Note
-------+----------+-------------------------------------------
     0 | D:1      | KristoblXynda the Troll Hedge Wizard began the quest for
                  | the Orb.
     0 | D:1      | Reached XP level 1. HP: 16/16 MP: 2/2
   215 | D:1      | Reached skill level 1 in Conjurations
   253 | D:1      | Reached XP level 2. HP: 19/24 MP: 4/4
   310 | D:1      | Reached skill level 1 in Unarmed Combat
   976 | D:1      | Reached XP level 3. HP: 30/31 MP: 5/5
  1181 | D:2      | Reached XP level 4. HP: 25/39 MP: 6/6
  1236 | D:2      | Reached skill level 2 in Unarmed Combat
  2039 | D:3      | Reached XP level 5. HP: 43/45 MP: 7/7
  3059 | D:4      | Noticed an ogre
  3069 | D:4      | Killed an ogre
  3069 | D:4      | Reached skill level 3 in Unarmed Combat
  3069 | D:4      | Reached XP level 6. HP: 26/53 MP: 8/8
  3253 | D:4      | Found a glowing drain.
  3262 | Sewer    | Entered a sewer
  3325 | Sewer    | Noticed a water moccasin
  3325 | Sewer    | a crocodile changed into a water moccasin
  3338 | Sewer    | Killed a water moccasin
  3795 | D:5      | Entered Level 5 of the Dungeon
  3803 | D:5      | Noticed an ice beast
  3819 | D:5      | Killed an ice beast
  3819 | D:5      | Reached skill level 4 in Unarmed Combat
  3819 | D:5      | Reached XP level 7. HP: 21/59 MP: 9/9
  3887 | D:5      | Found a staircase to the Ecumenical Temple.
  3901 | Temple   | Entered the Ecumenical Temple
  4020 | Temple   | Became a worshipper of Ashenzari the Shackled
  4401 | D:5      | Noticed Grinder
  4406 | D:5      | Reached skill level 5 in Unarmed Combat
  4408 | D:5      | Paralysed by Grinder for 7 turns
  4421 | D:5      | Killed Grinder
  4421 | D:5      | Reached XP level 8. HP: 61/67 MP: 10/10
  4538 | D:5      | Reached skill level 5 in Dodging
  5287 | D:6      | Reached * piety under Ashenzari
  5323 | D:6      | Reached skill level 6 in Unarmed Combat
  5417 | D:6      | Reached skill level 5 in Conjurations
  5616 | D:6      | Learned a level 3 spell: Mephitic Cloud
  5823 | D:6      | Found a faded altar of an unknown god.
  5823 | D:6      | Found a snail-covered altar of Cheibriados.
  5828 | D:6      | Found a blossoming altar of Fedhas.
  5830 | D:6      | Found a burning altar of Makhleb.
  5831 | D:6      | Found a glowing golden altar of the Shining One.
  5876 | D:7      | Noticed Maggie
  5888 | D:7      | Killed Maggie
  5888 | D:7      | Reached XP level 9. HP: 62/74 MP: 11/11
  6097 | D:7      | Reached skill level 7 in Unarmed Combat
  6098 | D:7      | Reached skill level 1 in Armour
  6599 | D:7      | Found a runed translucent door.
  6600 | D:7      | Noticed Crazy Yiuf
  6611 | D:7      | Killed Crazy Yiuf
  6694 | D:7      | Found a runed translucent door.
  6914 | D:7      | Noticed a troll
  6922 | D:7      | Killed a troll
  6922 | D:7      | Reached XP level 10. HP: 52/80 MP: 12/12
  7077 | D:7      | Found a sparkling altar of Nemelex Xobeh.
  7481 | D:8      | Found an iron altar of Okawaru.
  7618 | D:8      | Reached ** piety under Ashenzari
  7644 | D:8      | Reached skill level 8 in Unarmed Combat
  7955 | D:8      | Noticed a two-headed ogre
  7967 | D:8      | Killed a two-headed ogre
  8340 | D:9      | Found a sparkling altar of Nemelex Xobeh.
  8341 | D:9      | Found a hazy altar of Hepliaklqana.
  8353 | D:9      | Found a shimmering altar of Xom.
  8353 | D:9      | Found an ornate altar of the Wu Jian Council.
  8353 | D:9      | Found a bloodstained altar of Trog.
  8353 | D:9      | Found a glowing silver altar of Zin.
  8356 | D:9      | Found a white marble altar of Elyvilon.
  8358 | D:9      | Found a sacrificial altar of Ru.
  8631 | D:9      | Found a staircase to the Lair.
  9350 | D:9      | Reached skill level 9 in Unarmed Combat
  9561 | D:9      | Reached XP level 11. HP: 87/87 MP: 13/13
  9622 | D:9      | Reached skill level 5 in Armour
 10012 | D:10     | Entered Level 10 of the Dungeon
 10177 | D:10     | Noticed a two-headed ogre
 10217 | D:10     | Killed a two-headed ogre
 10967 | D:10     | Identified 3 scrolls of acquirement
 10967 | D:10     | Acquired a book of Power
 11103 | D:10     | Found a staircase to the Orcish Mines.
 11274 | D:11     | Killed an unseen horror
 11440 | D:11     | Reached *** piety under Ashenzari
 11530 | D:11     | Noticed a two-headed ogre
 11542 | D:11     | Killed a two-headed ogre
 11654 | D:11     | Found a shimmering altar of Xom.
 11661 | D:11     | Found a shimmering altar of Xom.
 11661 | D:11     | Found a shimmering altar of Xom.
 11662 | D:11     | Found a shimmering altar of Xom.
 11679 | D:11     | Noticed an unseen horror
 11687 | D:11     | Killed an unseen horror
 11687 | D:11     | Reached skill level 10 in Unarmed Combat
 12367 | D:12     | Paralysed by a hornet for 2 turns
 12657 | D:12     | Noticed an unseen horror
 12682 | D:12     | Killed an unseen horror
 12682 | D:12     | Reached XP level 12. HP: 78/95 MP: 14/14
 12804 | D:12     | Acquired the cursed +7 lajatang of Order {silver, rMut}
 12805 | D:12     | Found the cursed +7 lajatang of Order {silver, rMut}
 13325 | D:13     | Noticed a two-headed ogre
 13326 | D:13     | Noticed a two-headed ogre
 13327 | D:13     | Noticed an ogre mage
 13337 | D:13     | Killed a two-headed ogre
 13353 | D:13     | Killed a two-headed ogre
 13358 | D:13     | Killed an ogre mage
 13764 | D:13     | Found a shimmering altar of Xom.
 13765 | D:13     | Found the +7 mace of Variability {chain chaos}
 13803 | D:13     | Noticed a two-headed ogre
 13816 | D:13     | Killed a two-headed ogre
 13840 | D:13     | Noticed a two-headed ogre
 13847 | D:13     | Killed a two-headed ogre
 13854 | D:13     | Noticed a two-headed ogre
 13868 | D:13     | Noticed a two-headed ogre
 13869 | D:13     | Killed a two-headed ogre
 13887 | D:13     | Killed a two-headed ogre
 13887 | D:13     | Reached skill level 11 in Unarmed Combat
 14137 | D:13     | Found a gate to the Vaults.
 14150 | D:13     | Noticed Sonja
 14160 | D:13     | Killed Sonja
 14341 | D:14     | Noticed a rakshasa
 14355 | D:14     | Killed a rakshasa
 14355 | D:14     | Reached skill level 1 in Fighting
 14471 | D:14     | Noticed a four-headed hydra
 14484 | D:14     | Killed a five-headed hydra
 14636 | D:14     | Noticed a centaur warrior
 14646 | D:14     | Killed a centaur warrior
 14646 | D:14     | Reached XP level 13. HP: 96/106 MP: 15/15
 14814 | Lair:1   | Entered Level 1 of the Lair of Beasts
 14858 | Lair:1   | Reached **** piety under Ashenzari
 15389 | Lair:1   | Mangled by a cane toad

Illustrated notes

Levels and vault maps discovered:
D:1:      minmay_arrival_open_corners, layout_basic
D:2:      layout_basic, nrook_uturn, corexii_corridor_pit
D:3:      layout_loops_ring, serial_undead, serial_undead_d, serial_undead_d,
          serial_undead_b, serial_undead_e, serial_undead_e
D:4:      layout_basic, portal_sewer_entry_d
D:5:      layout_cave_pools, minmay_temple_entry_tees, uniq_grinder
D:6:      layout_gridville, chequers_temple_overflow_minitemple
D:7:      minmay_the_grid_four_pointed_star [minmay_the_grid_triangle_9x9_sprig,
          minmay_the_grid_triangle_9x9_subtriangle,
          minmay_the_grid_triangle_9x9_windchime,
          minmay_the_grid_triangle_9x9_from_above,
          minmay_the_grid_prize_shrinking_boxes], layout_basic,
          nemelex_diamond_rough_becter, uniq_maggie, uniq_crazy_yiuf_cottage
D:8:      layout_loops_corners, okawaru_metal_pillars_1_2
D:9:      layout_irregular_city, minitemple, minmay_lair_entry_grove, eino_jars
D:10:     layout_roguey, hiddenorc1_lemuel, minmay_chambers_of_fives
D:11:     minmay_evil_eye, layout_basic, xom_redecorated
D:12:     layout_basic
D:13:     layout_rooms, david_vaults_2, minmay_guarded_unrand_variability,
          uniq_sonja
D:14:     minmay_box_of_curves, layout_basic, gammafunk_ghost_berserking_beasts,
          serial_shops, nicolae_shop_crystal
Temple:   dpeg_chambers_temple
Lair:1:   layout_chaotic_city

Skill      XL: |  1  2  3  4  5  6  7  8  9 10 11 12 13 |
---------------+----------------------------------------+-----
Conjurations   | 1 2 3 4 5 6 7 8 9 |  9.0
Unarmed Combat | 1 2 3 4 5 6 7 9 10 11 | 11.3
Dodging        | 2 3 4 6 7 8 9 |  9.8
Armour         | 3 4 6 7 |  7.7
Stealth        | 2 3 |  3.3
Fighting       | 1 2 |  2.0
Spellcasting   | |  2.0
Summonings     | |  0.6
Translocations | |  0.6
Evocations     | |  0.4

Action                   |  1- 3 |  4- 6 |  7- 9 | 10-12 | 13-15 || total
-------------------------+-------+-------+-------+-------+-------++-------
Melee: Unarmed           |   140 |   225 |   327 |   841 |   110 ||  1643
       Punch             |       |     1 |     7 |    34 |     6 ||    48
 Cast: Mephitic Cloud    |       |       |       |    12 |       ||    12
Invok: Curse Item        |       |       |     2 |     2 |       ||     4
Evoke: Wand              |       |     3 |     6 |    12 |       ||    21
       Box of beasts     |       |       |       |     1 |       ||     1
       Phantom mirror    |       |       |       |     1 |       ||     1
  Use: Scroll            |       |    10 |     7 |    11 |       ||    28
       Potion            |       |       |     3 |     1 |     1 ||     5
 Stab: Sleeping          |       |     1 |       |     1 |     1 ||     3
       Paralysed         |       |       |       |    10 |       ||    10
       Confused          |       |       |       |     5 |       ||     5
Armor: Robe              |    55 |    83 |    49 |       |       ||   187
       Skin              |       |       |     2 |       |       ||     2
       Acid dragon scale |       |       |    59 |   307 |    31 ||   397
Dodge: Dodged            |    74 |   116 |   180 |   548 |    63 ||   981
       Repelled          |       |       |       |     1 |       ||     1

Table legend: (Time is in decaauts)
 A = Elapsed time spent in this place.
 B = Non-inter-level travel time spent in this place.
 C = Inter-level travel time spent in this place.
 D = Time resting spent in this place.
 E = Time spent auto-exploring this place.
 F = Levels seen in this place.
 G = Mean time per level.
                   A        B        C        D        E       F      G
               +--------+--------+--------+--------+--------+-----+--------+
         Total |  15203 |  14747 |    456 |   3501 |   5919 |  17 |  894.3 |
       Dungeon |  14095 |  13647 |    448 |   2980 |   5659 |  14 | 1006.8 |
        Temple |    211 |    203 |      8 |      0 |    163 |   1 |  211.0 |
          Lair |    557 |    557 |      0 |    331 |     66 |   1 |  557.0 |
         Sewer |    339 |    339 |      0 |    190 |     30 |   1 |  339.0 |
               +--------+--------+--------+--------+--------+-----+--------+

Top non-repeatable levels by time:
     D:9: 1699 daAuts
     D:7: 1452 daAuts
    D:12: 1222 daAuts
    D:10: 1201 daAuts
    D:13: 1039 daAuts
     D:1: 1012 daAuts
     D:5: 982 daAuts
     D:8: 944 daAuts
     D:2: 914 daAuts
     D:6: 869 daAuts
     D:3: 803 daAuts
    D:11: 781 daAuts
     D:4: 728 daAuts
  Lair:1: 557 daAuts
    D:14: 442 daAuts
